 Dungeon Crawl Stone Soup version 0.29-a0-338-g1ff7896281 (webtiles) character file.

Game seed: 4456543413257736043

623 spiderkeys the Skirmisher (level 7, 0/61 HPs)
             Began as a Ghoul Abyssal Knight on Apr 19, 2022.
             Was a High Priest of Lugonu.
             Slain by a killer bee (1 damage)
             ... on level 5 of the Dungeon.
             The game lasted 00:10:07 (5814 turns).

spiderkeys the Skirmisher (Ghoul Abyssal Knight)    Turns: 5814, Time: 00:10:08

Health: 0/61       AC:  9    Str: 17      XL:     7   Next: 46%
Magic:  6/7        EV:  9    Int:  5      God:    Lugonu [*****.]
Gold:   203        SH:  0    Dex: 16 (17) Spells: 6/6 levels left

rFire   . . .      SeeInvis .   y - +1 battleaxe
rCold   + + .      Faith    +   (shield currently unavailable)
rNeg    + + +      Spirit   .   p - +1 scale mail {rPois} rPois โˆž Reflect .
                                (no helmet)
rElec   .          Harm     .   l - +0 cloak
rCorr   .          Rampage  .   (no gloves)
Will    .....                   (no boots)
Stlth   ..........              T - amulet of faith {!P}
HPRegen 0.00/turn               C - ring of protection from cold
MPRegen 0.10/turn               D - +6 ring of dexterity

@: mighty, attractive, inhibited regen, hasted, very quick
A: claws 1, cold resistance 1, negative energy resistance 3, inhibited
regeneration, torment resistance 2, devour on kill
a: Renounce Religion, Depart the Abyss, Bend Space, Banish, Corrupt, Enter the
Abyss


You were on level 5 of the Dungeon.
You worshipped Lugonu.
Lugonu was extremely pleased with you.
You visited 1 branch of the dungeon, and saw 7 of its levels.
You visited the Abyss 1 time.
You also visited: Sewer.

You collected 203 gold pieces.


Innate Abilities, Weirdness & Mutations

You are immune to poison.
You have sharp fingernails.
Your flesh is cold resistant. (rC+)
You are immune to negative energy. (rN+++)
You do not regenerate when monsters are visible.
You are immune to unholy pain and torment.
You thrive by killing the living.


   Skills:
 + Level 5.4 Fighting
 + Level 3.8 Axes
 + Level 3.8 Armour
 - Level 1.0 Dodging
 + Level 3.1 Shields
 - Level 2.2 Invocations


You had 6 spell levels left.
You didn't know any spells.
Your spell library contained the following spells:

 Spells                   Type           Power      Damage    Failure   Level
 Sting                    Tmut/Pois      0%         1d3       86%         1
 Poisonous Vapours        Pois/Air       0%         N/A       95%         2
 Olgreb's Toxic Radiance  Pois           0%         N/A       100%        4
 Iskenderun's Battlesphe  Conj           0%         2d6       100%        5
 Iron Shot                Conj/Erth      0%         9d1       100%        6
 Spellforged Servitor     Conj/Summ      0%         N/A       100%        7

Inventory:

Hand Weapons
 a - a +1 hand axe
 d - a +2 whip of venom
   (You took it off a kobold on level 1 of the Dungeon)
 y - a +1 battleaxe (weapon)
   (You found it on level 3 of the Dungeon)
Missiles
 c - 132 stones
 m - a curare-tipped dart {=f}
 s - 3 javelins
 E - 17 poisoned darts
Armour
 f - a +0 robe
   (You found it on level 3 of the Dungeon)
 j - a +0 kite shield
   (You found it on level 1 of the Dungeon)
 l - a +0 cloak (worn)
   (You found it on level 1 of the Dungeon)
 p - a +1 scale mail of poison resistance (worn)
   (You found it on level 4 of the Dungeon)
 q - a +2 ring mail of fire resistance
   (You found it on level 2 of the Dungeon)
 u - a scarf of repulsion
   (You found it on level 2 of the Dungeon)
 w - a +0 buckler
   (You found it on level 2 of the Dungeon)
 L - a +0 ring mail
   (You took it off an orc on level 3 of the Dungeon)
 M - a +0 scale mail
   (You took it off an orc on level 3 of the Dungeon)
 N - a +0 leather armour
   (You found it on level 5 of the Dungeon)
 O - a +0 ring mail
   (You found it on level 4 of the Dungeon)
 P - a +0 ring mail
   (You took it off an orc on level 4 of the Dungeon)
 Q - a +0 robe
   (You took it off an orc wizard on level 4 of the Dungeon)
 S - a +0 ring mail
   (You found it on level 4 of the Dungeon)
 W - a +0 scale mail
   (You took it off an orc on level 4 of the Dungeon)
Magical Staves
 x - a staff of poison {!a}
   (You found it on level 3 of the Dungeon)
Jewellery
 C - a ring of protection from cold (left claw)
   (You found it on level 2 of the Dungeon)
 D - a +6 ring of dexterity (right claw)
   (You found it on level 3 of the Dungeon)
 I - a +6 ring of intelligence
   (You found it on level 2 of the Dungeon)
 T - an amulet of faith (around neck) {!P}
   (You found it on level 2 of the Dungeon)
Scrolls
 b - 3 scrolls of enchant armour
 g - a scroll of magic mapping {!r}
 h - 2 scrolls of amnesia
 i - a scroll of silence {!r}
 n - a scroll of enchant weapon
 z - a scroll of brand weapon
 B - a scroll of blinking {!r}
 G - a scroll of torment
 J - a scroll of immolation {!r!r}
 K - a scroll of holy word {unknown}
 V - a scroll of teleportation {unknown}
 X - a scroll of vulnerability {!r!r}
 Z - a scroll of identify {@r1}
Potions
 e - a potion of flight {unknown}
 k - a potion of heal wounds {unknown}
 t - a potion of degeneration {unknown}
 v - 3 potions of might
 A - 2 potions of attraction {!q}
 F - a potion of magic {unknown}
 H - a potion of invisibility {unknown}
 R - a potion of brilliance {unknown}
 U - a potion of curing {unknown}
 Y - a potion of haste {@q3}

Dungeon Overview and Level Annotations

Branches:
Dungeon (7/15)             Temple (0/1) D:4           Sewer (visited)

Altars:
Ashenzari
Elyvilon
Fedhas
Makhleb

#.# ## #.# ###.## #.#
#..... #.#.# #. #.#..#
#ยง#.# #. #.#... #)#.#
##.####.##.. # #y#.#
#.......#... #.###y#.#
#.......#.## #....@#.#
#........... #.......#
#......##... #.###(.##
#......##### # #.##(#
#......# #....#
#.....##
#####.#######.....# #
#.................# #
#.................####
#
#....................#


You could see 2 killer bees.


Message History

Press: ? - help, Shift-Dir - straight line, f/p - killer bee
Aim: a killer bee (lightly wounded, 34% to hit)
You throw a javelin.
The javelin barely misses the killer bee.
The javelin barely misses the killer bee.
The javelin misses the killer bee.
The killer bee stings you. x2
* * * LOW HITPOINT WARNING * * *
The killer bee misses you. ๐Ÿ˜จ HP[-12]
You take 12 damage, and now have 27/61 hp.
Unknown command.
You closely miss the killer bee.
The killer bee stings you but does no damage.
The killer bee barely misses you. The killer bee closely misses you.
The killer bee stings you.
* * * LOW HITPOINT WARNING * * *
Things that are here:
a +0 halberd; a gnoll corpse; ๐Ÿ˜จ HP[-5]
You take 5 damage, and now have 22/61 hp.
You barely miss the killer bee.
The killer bee stings you but does no damage.
The killer bee stings you.
* * * LOW HITPOINT WARNING * * *
The killer bee stings you but does no damage. ๐Ÿ˜จ HP[-2]
You take 2 damage, and now have 20/61 hp.
You barely miss the killer bee.
The killer bee stings you but does no damage. x2
The killer bee misses you.
Unknown command.
You slash the killer bee!
You kill the killer bee!
Lugonu accepts your kill. The killer bee stings you.
* * * LOW HITPOINT WARNING * * *
The killer bee stings you.
* * * LOW HITPOINT WARNING * * *
๐Ÿ˜จ HP[-2]
You take 2 damage, and now have 18/61 hp.
You miss the killer bee. The killer bee barely misses you.
The killer bee stings you.
* * * LOW HITPOINT WARNING * * *
The killer bee stings you.
* * * LOW HITPOINT WARNING * * *
๐Ÿ˜ฑ HP[-8]
You take 8 damage, and now have 10/61 hp.
Unknown command.
Okay, then.
As you read the scroll of fear, it crumbles to dust.
You assume a fearsome visage.
The killer bee looks frightened! x3
Throw: 2 darts (curare) {=f}
Press: ? - help, Shift-Dir - straight line, f/p - killer bee
Aim: a killer bee (lightly wounded, fleeing, 34% to hit)
You throw a curare-tipped dart {=f}.
The curare-tipped dart {=f} misses the killer bee.
The curare-tipped dart {=f} closely misses the killer bee. x2
Throw: 4 javelins
Press: ? - help, Shift-Dir - straight line, f/p - killer bee
Aim: a killer bee (lightly wounded, fleeing, 34% to hit)
You throw a javelin.
The javelin pierces through the killer bee but does no damage.
Your attack snaps the killer bee out of its fear.
The javelin closely misses the killer bee.
It was a potion of might.
You feel very mighty all of a sudden.
The killer bee stings you but does no damage.
The killer bee stings you.
* * * LOW HITPOINT WARNING * * *
๐Ÿ˜ฑ HP[-6]
You take 6 damage, and now have 4/61 hp.
It was a potion of attraction.
You feel attractive to monsters.
The killer bee buzzes angrily.
The killer bee stings you but does no damage. x2
The killer bee is attracted toward you.
It was a potion of haste.
You feel yourself speed up. The killer bee closely misses you.
The killer bee stings you but does no damage.
You slash the killer bee! The killer bee stings you.
* * * LOW HITPOINT WARNING * * *
The killer bee barely misses you. ๐Ÿ˜ฑ HP[-1]
You take 1 damage, and now have 3/61 hp.
You barely miss the killer bee. The killer bee misses you.
The killer bee stings you but does no damage.
You fail to use your ability.
The killer bee misses you. The killer bee closely misses you.
Unknown command.
Space bends violently around you!
You blink. ๐Ÿ˜ฑ HP[-2] MP[-1]
You take 2 damage, and now have 1/61 hp.
You lost 1 mp, and now have 6/7 mp.
Unknown command.
It was a potion of mutation.
You feel extremely strange.
Your body decomposes!
You feel clumsy. The killer bee stings you.
You die...

Skill      XL: |  1  2  3  4  5  6  7 |
---------------+----------------------+-----
Dodging        | 1 |  1.0
Axes           | 2 3 |  3.8
Armour         | 2 3 |  3.8
Shields        | 1 2 3 |  3.1
Fighting       | 4 5 |  5.4
Invocations    | |  2.2

Action                   |  1- 3 |  4- 6 |  7- 9 || total
-------------------------+-------+-------+-------++-------
Melee: Whip              |    81 |       |       ||    81
       Hand axe          |     7 |       |       ||     7
       Battleaxe         |     8 |   245 |    46 ||   299
Throw: Javelin           |       |       |     4 ||     4
       Dart              |       |       |     3 ||     3
Invok: Bend Space        |       |     1 |     1 ||     2
  Use: Scroll            |     8 |     4 |     2 ||    14
       Potion            |       |       |     4 ||     4
Armor: Leather armour    |    20 |       |       ||    20
       Ring mail         |    10 |   180 |     4 ||   194
       Scale mail        |       |       |    26 ||    26
Dodge: Dodged            |    50 |   223 |    52 ||   325
Block: Kite shield       |    18 |       |       ||    18
       Buckler           |     2 |       |       ||     2

Levels and vault maps discovered:
D:1:      erik_arrival_cave_to_civilisation [erik_arrival_cave_to_temple],
          layout_loops_corners
D:2:      layout_rooms, serial_bayou_pond_d
D:3:      layout_basic, general_overflow_altar,
          hellmonk_ecumenical_altar_watching_god, dk_noncrumbling_4
D:4:      layout_basic, mainiacjoe_overflow_tiny_flanked, lemuel_crystal_altar,
          temple_doors_e, minmay_quantized
D:5:      layout_basic, gup_sewer_entry_pipe, minmay_misc_feat_encased,
          bh_walls_and_bars
D:6:      layout_basic, nemelex_xobeh_ov_fountains_minmay, elyvilon_altar_4
D:7:      layout_cave_pods, mainiacjoe_overflow_small_starburst,
          old_standard_altar, hangedman_decor_lopped, uniq_joseph

Notes
Turn   | Place    | Note
-------+----------+-------------------------------------------
     0 | Abyss:1  | spiderkeys the Ghoul Abyssal Knight began the quest for the
                  | Orb.
     0 | Abyss:1  | Reached XP level 1. HP: 19/19 MP: 1/1
     0 | Abyss:1  | magus.rc [v1.11.3]
    11 | D:1      | You pass through the gate.
    11 | D:1      | Escaped the Abyss
    37 | D:1      | HP: 3/19 [kobold/+2 whip of venom (4)]
   273 | D:1      | Reached skill level 1 in Dodging
   319 | D:1      | You add the spells Sting, Poisonous Vapours and Olgreb's
                  | Toxic Radiance to your library.
   384 | D:1      | Reached XP level 2. HP: 20/26 MP: 2/2
   459 | D:1      | Reached skill level 2 in Axes
   459 | D:1      | Reached skill level 2 in Armour
  1310 | D:1      | Reached XP level 3. HP: 31/31 MP: 3/3
  1522 | D:1      | Reached *** piety under Lugonu
  2092 | D:2      | You pick up a book of Power and begin reading...
  2092 | D:2      | You add the spells Iskenderun's Battlesphere, Iron Shot and
                  | Spellforged Servitor to your library.
  2564 | D:3      | Reached skill level 1 in Shields
  2564 | D:3      | Reached XP level 4. HP: 39/40 MP: 4/4
  2579 | D:3      | Noticed a shining eye
  2627 | D:3      | Noticed a golden eye
  2629 | D:3      | Found a faded altar of an unknown god.
  2630 | D:3      | Noticed a floating eye
  2630 | D:3      | Noticed a golden eye
  2780 | D:3      | Reached skill level 4 in Fighting
  2789 | D:3      | Found a broken altar of Ashenzari.
  3074 | D:3      | You fall into a shaft and drop 3 floors!
  3077 | D:6      | Noticed a black bear
  3114 | D:6      | Reached XP level 5. HP: 25/46 MP: 5/5
  3382 | D:6      | Reached skill level 3 in Axes
  3382 | D:6      | Reached skill level 3 in Armour
  3382 | D:6      | Reached skill level 2 in Shields
  3419 | D:5      | Entered Level 5 of the Dungeon
  3481 | D:5      | Found a glowing drain.
  3500 | Sewer    | Entered a sewer
  3525 | Sewer    | Reached XP level 6. HP: 49/53 MP: 6/6
  3667 | Sewer    | Reached **** piety under Lugonu
  4205 | D:4      | Found a staircase to the Ecumenical Temple.
  4798 | D:4      | Found a blossoming altar of Fedhas.
  4811 | D:4      | Reached skill level 5 in Fighting
  4886 | D:4      | Reached ***** piety under Lugonu
  4892 | D:4      | Reached XP level 7. HP: 27/61 MP: 7/7
  5168 | D:4      | Found a burning altar of Makhleb.
  5599 | D:5      | Reached skill level 3 in Shields
  5803 | D:5      | HP: 14/61 [killer bee (4)]
  5807 | D:5      | HP: 4/61 [killer bee (6)]
  5814 | D:5      | Slain by a killer bee

Vanquished Creatures
  2 killer bees (D:5)
  A jelly (D:5)
  3 hounds (D:6)
  3 orc priests
  An orc wizard (D:4)
  6 adders
  4 gnolls (D:5)
  7 river rats (Sewer)
  A white imp (D:6)
  A worm (D:3)
  14 orcs
  9 ball pythons
  6 bats
  8 endoplasms
  8 giant cockroaches
  4 goblins
  10 hobgoblins
  2 jackals (D:1)
  22 kobolds
  9 quokkas
  3 frilled lizards
  25 rats
149 creatures vanquished.

Table legend:
 A = Non-vault XP
 B = Vault XP
 C = Vault XP percentage of total XP
 D = Non-vault monster count
 E = Vault monster count
 F = Vault count percentage of total count
                 A         B        C        D         E       F
            +---------+---------+-------+---------+---------+-------
      Total |     720 |     170 |  19.1 |      83 |      66 |  44.3
            +---------+---------+-------+---------+---------+-------
        D:1 |      38 |       4 |   9.5 |      23 |       2 |   8.0
        D:2 |      15 |       0 |   0.0 |       8 |       0 |   0.0
        D:3 |     132 |       0 |   0.0 |      21 |       0 |   0.0
        D:4 |     161 |       6 |   3.6 |      16 |       4 |  20.0
        D:5 |     223 |      16 |   6.7 |       9 |       8 |  47.1
        D:6 |     151 |       0 |   0.0 |       6 |       0 |   0.0
      Sewer |       0 |     144 | 100.0 |       0 |      52 | 100.0
            +---------+---------+-------+---------+---------+-------

Illustrated notes

Table legend:
 A = Kills in this place as a percentage of kills in entire the game.
 B = Kills by you in this place as a percentage of kills by you in the entire game.
 C = Kills by friends in this place as a percentage of kills by friends in the entire game.
 D = Other kills in this place as a percentage of other kills in the entire game.
 E = Experience gained in this place as a percentage of experience gained in the entire game.
 F = Experience gained in this place divided by the number of levels of this place that you have seen.
                   A       B       C       D       E      F
               +-------+-------+-------+-------+-------+----------------------
         Total | 100.0 | 100.0 |   N/A |   N/A | 100.0 |  98.9
       Dungeon |  65.1 |  65.1 |   N/A |   N/A |  83.8 | 106.6
         Sewer |  34.9 |  34.9 |   N/A |   N/A |  16.2 | 144.0
               +-------+-------+-------+-------+-------+----------------------

Table legend: (Time is in decaauts)
 A = Elapsed time spent in this place.
 B = Non-inter-level travel time spent in this place.
 C = Inter-level travel time spent in this place.
 D = Time resting spent in this place.
 E = Time spent auto-exploring this place.
 F = Levels seen in this place.
 G = Mean time per level.
                   A        B        C        D        E       F      G
               +--------+--------+--------+--------+--------+-----+--------+
         Total |   6026 |   5814 |    212 |   1148 |   3310 |   9 |  669.6 |
       Dungeon |   5372 |   5160 |    212 |   1148 |   2875 |   7 |  767.4 |
         Abyss |     11 |     11 |      0 |      0 |      4 |   1 |   11.0 |
         Sewer |    642 |    642 |      0 |      0 |    431 |   1 |  642.0 |
               +--------+--------+--------+--------+--------+-----+--------+

Top non-repeatable levels by time:
     D:1: 1690 daAuts
     D:3: 1338 daAuts
     D:4: 892 daAuts
   Sewer: 642 daAuts
     D:2: 575 daAuts
     D:5: 512 daAuts
     D:6: 231 daAuts
     D:7: 132 daAuts
 Abyss:1: 11 daAuts
